 Dungeon Crawl Stone Soup version 0.28.0-1-gb440e238dd (webtiles) character file.

Game seed: 1399868128947432678

1901 chmiii the Skirmisher (level 8, -9/88 HPs)
             Began as a Troll Hunter on Feb 19, 2022.
             Was an Initiate of Trog.
             Mangled by a shock serpent (14 damage)
             ... on level 6 of the Dungeon.
             The game lasted 00:28:52 (6052 turns).

chmiii the Skirmisher (Troll Hunter)                Turns: 6052, Time: 00:28:53

Health: -9/88      AC: 12    Str: 21    XL:     8   Next: 94%
Magic:  7/7        EV:  7    Int:  7    God:    Trog [......]
Gold:   398        SH:  0    Dex: 12    Spells: 7/7 levels left

rFire   + + .      SeeInvis .   (no weapon)
rCold   . . .      Faith    .   (no shield)
rNeg    . . .      Spirit   .   D - +0 fire dragon scales
rPois   +          Reflect  .   (helmet restricted)
rElec   .          Harm     .   n - +1 cloak
rCorr   .          Rampage  .   (gloves unavailable)
Will    .....                   (boots unavailable)
Stlth   ..........              (no amulet)
HPRegen 1.04/turn               g - ring of poison resistance
MPRegen 0.10/turn               a - ring of protection from cold

@: no status effects
A: large, unfitting armour, claws 3, regeneration 1, shaggy fur 1, tough skin 1
a: Renounce Religion


You were on level 6 of the Dungeon.
You worshipped Trog.
Trog was noncommittal.
You visited 2 branches of the dungeon, and saw 7 of its levels.
You also visited: Sewer.

You collected 398 gold pieces.

Inventory:

Hand Weapons
 b - a +0 hunting sling
 x - a +1 vorpal flail
Missiles
 c - 4 large rocks (quivered)
 d - 4 throwing nets
 l - 40 sling bullets
 q - 2 poisoned darts
Armour
 k - a +0 robe
 n - a +1 cloak (worn)
 D - +0 fire dragon scales (worn)
Jewellery
 a - a ring of protection from cold (right claw)
 g - a ring of poison resistance (left claw)
 u - a ring of flight
 C - a ring of resist corrosion
Wands
 j - a wand of flame (10)
 z - a wand of polymorph (6)
Scrolls
 e - a scroll of fear {unknown}
 f - a scroll of blinking {unknown}
 h - 4 scrolls of enchant armour
 o - a scroll of holy word {unknown}
 p - 2 scrolls of amnesia {unknown}
 s - 2 scrolls of teleportation {unknown}
 v - 4 scrolls of immolation {unknown}
 w - a scroll of torment {unknown}
 y - a scroll of vulnerability {unknown}
Potions
 i - 2 potions of curing
 m - 2 potions of invisibility
 r - a potion of resistance
 t - 3 potions of mutation
 A - 3 potions of haste
 B - 6 potions of flight
 E - a potion of lignification {unknown}
 F - a potion of heal wounds {unknown}


   Skills:
 + Level 7.9 Fighting
 * Level 6.3 Maces & Flails
 - Level 3.6 Throwing
 + Level 0.0 Armour
 - Level 1.5 Dodging
 - Level 0.3 Stealth


You had 7 spell levels left.
You didn't know any spells.
Your spell library contained the following spells:

 Spells                   Type           Power      Damage    Failure   Level
 Animate Skeleton         Necr           0%         N/A       86%         1
 Apportation              Tloc           0%         N/A       86%         1
 Freeze                   Ice            0%         1d3       86%         1
 Sandblast                Erth           0%         2d4       86%         1
 Sting                    Tmut/Pois      0%         1d3       86%         1
 Summon Small Mammal      Summ           0%         N/A       86%         1
 Poisonous Vapours        Pois/Air       0%         N/A       95%         2
 Frozen Ramparts          Ice            0%         1d2       99%         3
 Inner Flame              Hex/Fire       0%         N/A       99%         3
 Cause Fear               Hex            0%         N/A       100%        4
 Hailstorm                Conj/Ice       0%         3d3       100%        4
 Olgreb's Toxic Radiance  Pois           0%         N/A       100%        4
 Dispersal                Tloc           0%         N/A       100%        6
 Discord                  Hex            0%         N/A       100%        8
 Disjunction              Tloc           0%         N/A       100%        8


Dungeon Overview and Level Annotations

Branches:
Dungeon (6/15)             Temple (1/1) D:5           Sewer (visited)

Altars:
Ashenzari
Dithmenos
Elyvilon
Fedhas
Gozag
Hepliaklqana
Kikubaaqudgha
Makhleb
Nemelex Xobeh
Okawaru
Qazlal
Ru
Sif Muna
Trog
Uskayaw
Vehumet
Wu Jian
Yredelemnul
Zin

Shops:
D:5 (


Innate Abilities, Weirdness & Mutations

You are too large for most types of armour.
You have claws for hands.
Your natural rate of healing is unusually fast.
You are covered in fur. (AC +1)
You have tough skin. (AC +1)


Message History

l - 38 sling bullets (gained 1)
Things that are here:
a +0 club; a +0 leather armour
l - 39 sling bullets (gained 1)
l - 40 sling bullets (gained 1)
Things that are here:
a +0 club; a +0 leather armour A two-headed ogre comes into view.
It is wielding a +0 giant club and a +0 giant spiked club.
Okay, then.
You are now empty-clawed.
Aiming: Polymorph
Press: ? - help, Shift-Dir - straight line, f - two-headed ogre
Aim: a two-headed ogre, wielding a +0 giant club and a +0 giant spiked club (will become a glowing shapeshifter, a shock serpent, or a merfolk, chance to affect: 31%)
The two-headed ogre evaporates and reforms as a shock serpent!
Really attack while wielding nothing?
You scratch the shock serpent.
The shock serpent is lightly wounded.
The shock serpent shoots out a bolt of lightning at you!
The bolt of electricity hits you!!
You scratch the shock serpent.
The shock serpent is lightly wounded.
The shock serpent shoots out a bolt of lightning at you!
The bolt of electricity hits you! The shock serpent bites you!
The shock serpent shocks you!
You are too injured to fight recklessly!
Throw: 5 large rocks
Press: ? - help, Q - select action, (/) - cycle Shift-Dir - straight line, f/p - shock serpent
Aim: a shock serpent (lightly wounded, 44% to hit)
You throw a large rock. The large rock hits the shock serpent!!
The shock serpent is heavily wounded.
The shock serpent's electric aura discharges, shocking you!
* * * LOW HITPOINT WARNING * * *
The shock serpent bites you.
* * * LOW HITPOINT WARNING * * *
The shock serpent shocks you!
* * * LOW HITPOINT WARNING * * *
The shock serpent bites you.
* * * LOW HITPOINT WARNING * * *
The shock serpent shocks you!
You die...

##########
#........#
#.######.# #.#
#.####### #.#
#.......#
#)############.##
#.#@#.......###.#.##
#.#S#.#####<...###..
#.#)#.# #####.#.##
####..#..## ##.###
....##...# #.# #
####..#..## #.### ##
#...### #.†.. #..
#..### ##### ..#
#....# #


You could see a shock serpent.

Vanquished Creatures
  2 water moccasins
  A sky beast (D:5)
  5 centaurs
  A phantom (D:6)
  Blork the orc (D:5)
  A bullfrog (D:4)
  A scorpion (D:5)
  A water moccasin zombie (D:6)
  A howler monkey (D:6)
  2 hounds
  3 jellies
  A bullfrog zombie (D:5)
  A bullfrog skeleton (D:5)
  Jessica (D:3)
  Ijyb (D:5)
  5 iguanas
  3 orc wizards
  A scorpion zombie (D:5)
  A killer bee zombie (D:5)
  A hound zombie (D:5)
  A howler monkey zombie (D:5)
  11 adders
  4 gnolls (D:3)
  3 river rats
  2 white imps
  An ufetubus (D:5)
  An adder skeleton (D:4)
  A worm (Sewer)
  19 orcs
  A bat zombie (D:2)
  7 endoplasms
  7 giant cockroaches
  5 goblins
  9 hobgoblins
  12 jackals
  4 kobolds
  9 quokkas
  6 ball pythons
  A ball python skeleton (D:2)
  A ball python zombie (D:2)
  8 bats
  A frilled lizard (Sewer)
  A quokka skeleton (D:2)
  7 rats
156 creatures vanquished.

Vanquished Creatures (others)
  2 fungi (D:2)
2 creatures vanquished.

Grand Total: 158 creatures vanquished

Notes
Turn   | Place    | Note
-------+----------+-------------------------------------------
     0 | D:1      | chmiii the Troll Hunter began the quest for the Orb.
     0 | D:1      | Reached XP level 1. HP: 19/19 MP: 0/0
   144 | D:1      | Reached skill level 2 in Fighting
   194 | D:1      | Reached XP level 2. HP: 25/28 MP: 1/1
   836 | D:2      | Reached skill level 3 in Fighting
   836 | D:2      | Reached XP level 3. HP: 36/37 MP: 2/2
   862 | D:2      | Found a faded altar of an unknown god.
   872 | D:2      | Got Plato's Volume of Earth
  1417 | D:3      | Noticed Jessica
  1418 | D:3      | Killed Jessica
  1419 | D:3      | Reached XP level 4. HP: 48/48 MP: 3/3
  1531 | D:3      | Reached skill level 4 in Fighting
  1670 | D:3      | Reached XP level 5. HP: 55/55 MP: 4/4
  2000 | D:3      | Noticed a water moccasin
  2018 | D:3      | Killed a water moccasin
  2019 | D:3      | Reached skill level 5 in Fighting
  2019 | D:3      | Reached XP level 6. HP: 13/66 MP: 5/5
  2261 | D:3      | Found a broken altar of Ashenzari.
  3221 | D:4      | Reached skill level 6 in Fighting
  3539 | D:5      | Entered Level 5 of the Dungeon
  3571 | D:5      | Found a staircase to the Ecumenical Temple.
  3578 | D:5      | Reached XP level 7. HP: 43/76 MP: 6/6
  3643 | D:5      | Noticed Ijyb
  3645 | D:5      | Killed Ijyb
  3650 | D:5      | Noticed Blork the orc
  3654 | D:5      | Killed Blork the orc
  3655 | D:5      | Reached skill level 1 in Maces & Flails
  3700 | D:5      | Identified the +0 barding "Koogrigu" {Fly rC+++ rCorr
                  | Slay-6}
  3753 | D:5      | Found Vysogaod's Antique Weapon Shoppe.
  3869 | D:5      | Reached skill level 7 in Fighting
  3870 | D:5      | Found a glowing drain.
  3878 | Sewer    | Entered a sewer
  4583 | D:5      | Reached XP level 8. HP: 72/87 MP: 7/7
  4719 | Temple   | Entered the Ecumenical Temple
  4905 | Temple   | Became a worshipper of Trog the Wrathful
  5466 | D:6      | Reached skill level 5 in Maces & Flails
  5480 | D:6      | Found an ornate altar of the Wu Jian Council.
  6047 | D:6      | Noticed a two-headed ogre
  6049 | D:6      | Noticed a shock serpent
  6049 | D:6      | a two-headed ogre changed into a shock serpent
  6052 | D:6      | Mangled by a shock serpent

Illustrated notes

Levels and vault maps discovered:
D:1:      matt_arrival_los_fun, layout_loops_ring
D:2:      layout_loops_cross, serial_undead, serial_undead_e, serial_undead_d,
          serial_undead_e, serial_undead_d, serial_undead_c, serial_undead_e,
          shapermc_ecumenical_altar_rom_forum
D:3:      layout_basic, nicolae_overflow_crystal_walls, uniq_jessica
D:4:      layout_layer_cave
D:5:      minmay_opposing_rooms, layout_cave_pools, temple_statues,
          gup_sewer_entry_bubbles, serial_shops, shop, uniq_ijyb,
          uniq_blork_the_orc
D:6:      layout_loops_ring, nzn_wu_jian_council_hall
Temple:   bh_familiar_temple

Skill      XL: |  1  2  3  4  5  6  7  8 |
---------------+-------------------------+-----
Fighting       | 2 3 4 5 6 7 |  7.9
Maces & Flails | 3 6 |  6.3
Throwing       | |  3.6
Dodging        | |  1.5
Stealth        | |  0.3

Action                   |  1- 3 |  4- 6 |  7- 9 || total
-------------------------+-------+-------+-------++-------
Melee: Short sword       |   125 |   109 |       ||   234
       Punch             |     1 |     2 |     3 ||     6
       Unarmed           |       |   105 |   286 ||   391
 Fire: Hunting sling     |       |       |    90 ||    90
Throw: Large rock        |     1 |     7 |     8 ||    16
       Throwing net      |       |     1 |       ||     1
Evoke: Wand              |       |     5 |     1 ||     6
  Use: Potion            |       |     1 |       ||     1
       Scroll            |       |     3 |     5 ||     8
 Stab: Sleeping          |     1 |     1 |     1 ||     3
       Distracted        |       |       |     1 ||     1
Armor: Robe              |    58 |    64 |   117 ||   239
Dodge: Dodged            |    71 |   122 |   197 ||   390
